 Dungeon Crawl Stone Soup version 0.21.1-1-g345015f (webtiles) character file.

239 tidbits the Charmwright (level 6, -2/50 HPs)
             Began as a Gnoll Skald on June 21, 2018.
             Slain by a sky beast (6 damage)
             ... on level 5 of the Dungeon.
             The game lasted 00:04:32 (525 turns).

tidbits the Charmwright (Gnoll Skald)                Turns: 525, Time: 00:04:33

Health: -2/50      AC:  5    Str: 13    XL:     6   Next: 7%
Magic:  0/13       EV: 14    Int: 17    God:
Gold:   61         SH:  0    Dex: 15    Spells: 4/15 levels left

rFire    . . .     SeeInvis .   a - +0 hand axe
rCold    . . .     Gourm    .   (no shield)
rNeg     . . .     Faith    .   b - +0 leather armour
rPois    .         Spirit   .   E - +1 hat
rElec    .         Reflect  .   C - +0 cloak (curse)
rCorr    .         Harm     .   (no gloves)
MR       .....                  (no boots)
Stlth    ++........             (no amulet)
HPRegen  0.16/turn              (no ring)
MPRegen  0.13/turn              (no ring)

@: no status effects
A: distributed training, fangs 1, strong nose
a: no special abilities


You were on level 5 of the Dungeon.
You were not hungry.

You visited 1 branch of the dungeon, and saw 5 of its levels.

You collected 61 gold pieces.

Inventory:

Hand Weapons
 a - a +0 hand axe (weapon)
 i - a +0 trident
Missiles
 f - 40 arrows
Armour
 b - a +0 leather armour (worn)
 j - a +0 ring mail
 k - the +0 chain mail of Classification {rPois rC- rN+ Str+2, unknown}
   (You found it on level 5 of the Dungeon)

   It affects your strength (+2).
   It makes you vulnerable to cold.
   It protects you from poison.
   It protects you from negative energy.
 C - a cursed +0 cloak (worn)
 E - a +1 hat (worn)
Scrolls
 e - a scroll of identify {unknown}
 l - a scroll of blinking {unknown}
 m - a scroll of teleportation {unknown}
Potions
 g - a potion of agility {unknown}
 h - 2 potions of cancellation {unknown}
Books
 c - a book of Battle

   Spells                             Type                      Level
   a - Infusion                       Charms                       1
   b - Shroud of Golubria             Charms/Translocation         2
   c - Song of Slaying                Charms                       2
   d - Spectral Weapon                Hexes/Charms                 3
   e - Regeneration                   Charms/Necromancy            3
Comestibles
 d - 2 rations


   Skills:
 + Level 4.9 Fighting
 + Level 1.7 Short Blades
 + Level 1.7 Long Blades
 + Level 4.9 Axes
 + Level 1.7 Maces & Flails
 + Level 1.7 Polearms
 + Level 1.7 Staves
 + Level 1.7 Slings
 + Level 1.7 Bows
 + Level 1.7 Crossbows
 + Level 1.7 Throwing
 + Level 3.1 Armour
 + Level 4.9 Dodging
 + Level 1.7 Stealth
 + Level 1.7 Shields
 + Level 1.7 Unarmed Combat
 + Level 5.3 Spellcasting
 + Level 1.3 Conjurations
 + Level 1.3 Hexes
 + Level 5.6 Charms
 + Level 1.3 Summonings
 + Level 1.3 Necromancy
 + Level 1.3 Translocations
 + Level 1.3 Transmutations
 + Level 1.3 Fire Magic
 + Level 1.3 Ice Magic
 + Level 1.3 Air Magic
 + Level 1.3 Earth Magic
 + Level 1.3 Poison Magic
 + Level 2.0 Invocations
 + Level 1.7 Evocations


You had 4 spell levels left.
You knew the following spells:

 Your Spells              Type           Power        Failure   Level  Hunger
g - Shroud of Golubria    Chrm/Tloc      ###.......   6%          2    #......
i - Infusion              Chrm           ###.         1%          1    None
r - Regeneration          Chrm/Necr      ###.......   12%         3    ##.....
w - Spectral Weapon       Hex/Chrm       ###.....     12%         3    ##.....
y - Song of Slaying       Chrm           ###.....     2%          2    #......


Dungeon Overview and Level Annotations

Branches:
Dungeon (5/15)
 Temple: D:4-7

Altars:
Fedhas


Innate Abilities, Weirdness & Mutations

Your experience applies equally to all skills.
You have very sharp teeth.
Your uncanny sense of smell can sniff out nearby items.


Message History

The water moccasin zombie barely misses you.
The water moccasin zombie misses you.
Unknown command.
You closely miss the water moccasin zombie.
You bite the water moccasin zombie.
The water moccasin zombie is lightly damaged.
Your spectral weapon hits the water moccasin zombie but does no damage.
The water moccasin zombie closely misses you.
You slash the water moccasin zombie!
The water moccasin zombie is moderately damaged.
Your spectral weapon barely misses the water moccasin zombie.
The water moccasin zombie bites you.
* * * LOW HITPOINT WARNING * * *
You barely miss the water moccasin zombie.
The water moccasin zombie is moderately damaged.
Your spectral weapon hits the water moccasin zombie.
The water moccasin zombie closely misses you.
You hit the water moccasin zombie.
The water moccasin zombie is heavily damaged.
Your spectral weapon hits the water moccasin zombie!
The water moccasin zombie barely misses your spectral weapon.
The water moccasin zombie bites your spectral weapon.
Your spectral weapon shares its damage with you!
* * * LOW HITPOINT WARNING * * *
You hit the water moccasin zombie.
The water moccasin zombie is almost destroyed.
Your spectral weapon hits the water moccasin zombie!
You destroy the water moccasin zombie!
You have reached level 6!
Your experience leads to an increase in your attributes!
Increase (S)trength, (I)ntelligence, or (D)exterity?
You feel clever.
Casting: Spectral Weapon
Confirm with . or Enter, or press ? or * to list all spells.
Your skin crawls.
Unknown command.
You see here 20 gold pieces.
You now have 61 gold pieces (gained 20).
Your skin is crawling a little less now.
A shadow imp comes into view.
The shadow imp shouts, "Take thy face hence, thou fawning common-kissing joithead!"
Found a bubbling ruby potion.
You hit the shadow imp but do no damage.
Your skin stops crawling.
Your spectral weapon closely misses the shadow imp.
The shadow imp hits you but does no damage.
You hit the shadow imp.
The shadow imp is moderately wounded.
Your spectral weapon hits the shadow imp.
The shadow imp gestures at you. Pain shoots through your body!
* * * LOW HITPOINT WARNING * * *
The shadow imp completely misses you.
You hit the shadow imp. Your bite misses the shadow imp.
The shadow imp is severely wounded.
Your spectral weapon hits the shadow imp.
The shadow imp barely misses you.
You closely miss the shadow imp.
You kill the shadow imp!
Your Invocations skill increases to level 2!
Your spectral weapon fades away.
There is a stone staircase leading up here.
You climb upwards.
An ooze and a sky beast come into view.
The sky beast barely misses you. x2
Found 9 gold pieces.
There is a stone staircase leading down here.
The ooze quivers.
The sky beast completely misses you.
You climb downwards.
There is a stone staircase leading up here.
Unknown command.
Casting: Regeneration
Confirm with . or Enter, or press ? or * to list all spells.
You draw out your weapon's spirit!
The sky beast hits you.
* * * LOW HITPOINT WARNING * * *
The sky beast shocks you.
* * * LOW HITPOINT WARNING * * *
You hit the sky beast.
The sky beast is lightly wounded.
Your spectral weapon barely misses the sky beast.
The sky beast closely misses you.
You hit the sky beast but do no damage.
The sky beast is lightly wounded.
Your spectral weapon completely misses the sky beast.
The sky beast hits you but does no damage.
You closely miss the sky beast.
The sky beast is lightly wounded.
Your spectral weapon barely misses the sky beast.
The sky beast hits you.
* * * LOW HITPOINT WARNING * * *
The sky beast shocks you.
* * * LOW HITPOINT WARNING * * *
You barely miss the sky beast. Your bite misses the sky beast.
The sky beast is lightly wounded.
Your spectral weapon hits the sky beast.
The sky beast hits you.
* * * LOW HITPOINT WARNING * * *
The sky beast shocks you.
You die...

####.....##.##.#...#
#.....##......_..
#...#.####.###...#
.....##.# #.# #.##
.###$##.# #.# #.. ∆
#.##.# #.####.# #
..##.####......#####.#
..##.....##.......!..#
...#.......#..@.......#
#.#.....#..(Y......#
#####.#..........#
#..............#
#.##...>.......# #..
#...........# ...
#.#...####### .###
#..##..# . #..###..#


You could see a sky beast and a friendly spectral hand axe.

Vanquished Creatures
  A water moccasin zombie (D:5)
  A scorpion (D:4)
  A crimson imp (D:5)
  An iguana (D:3)
  2 worker ants (D:5)
  An adder (D:5)
  A shadow imp (D:5)
  An orc (D:4)
  2 giant cockroaches
  2 hobgoblins (D:1)
  A kobold (D:3)
  2 bats (D:3)
  A frilled lizard (D:1)
  A goblin (D:3)
  A quokka skeleton (D:5)
  A rat (D:1)
20 creatures vanquished.

Notes
Turn   | Place    | Note
-------+----------+-------------------------------------------
     0 | D:1      | tidbits the Gnoll Skald began the quest for the Orb.
     0 | D:1      | Reached XP level 1. HP: 20/20 MP: 6/6
   200 | D:3      | Reached XP level 2. HP: 26/26 MP: 3/7
   204 | D:3      | Learned a level 2 spell: Song of Slaying
   207 | D:3      | Learned a level 2 spell: Shroud of Golubria
   284 | D:3      | Reached skill level 5 in Spellcasting
   284 | D:3      | Reached XP level 3. HP: 5/31 MP: 1/9
   289 | D:3      | Learned a level 3 spell: Regeneration
   293 | D:3      | Learned a level 3 spell: Spectral Weapon
   345 | D:4      | Noticed a scorpion
   357 | D:4      | Killed a scorpion
   357 | D:4      | Reached skill level 1 in Short Blades
   357 | D:4      | Reached skill level 1 in Long Blades
   357 | D:4      | Reached skill level 1 in Maces & Flails
   357 | D:4      | Reached skill level 1 in Polearms
   357 | D:4      | Reached skill level 1 in Staves
   357 | D:4      | Reached skill level 1 in Slings
   357 | D:4      | Reached skill level 1 in Bows
   357 | D:4      | Reached skill level 1 in Crossbows
   357 | D:4      | Reached skill level 1 in Throwing
   357 | D:4      | Reached skill level 1 in Stealth
   357 | D:4      | Reached skill level 1 in Shields
   357 | D:4      | Reached skill level 1 in Unarmed Combat
   357 | D:4      | Reached skill level 1 in Invocations
   357 | D:4      | Reached skill level 1 in Evocations
   357 | D:4      | Reached XP level 4. HP: 8/38 MP: 3/11
   396 | D:5      | Entered Level 5 of the Dungeon
   404 | D:5      | Reached skill level 1 in Conjurations
   404 | D:5      | Reached skill level 1 in Hexes
   404 | D:5      | Reached skill level 1 in Summonings
   404 | D:5      | Reached skill level 1 in Necromancy
   404 | D:5      | Reached skill level 1 in Translocations
   404 | D:5      | Reached skill level 1 in Transmutations
   404 | D:5      | Reached skill level 1 in Fire Magic
   404 | D:5      | Reached skill level 1 in Ice Magic
   404 | D:5      | Reached skill level 1 in Air Magic
   404 | D:5      | Reached skill level 1 in Earth Magic
   404 | D:5      | Reached skill level 1 in Poison Magic
   415 | D:5      | Reached XP level 5. HP: 23/43 MP: 2/12
   436 | D:5      | Got an encrusted chain mail
   466 | D:5      | Reached skill level 3 in Armour
   483 | D:5      | Found a blossoming altar of Fedhas.
   498 | D:5      | Reached XP level 6. HP: 17/50 MP: 3/13
   513 | D:5      | Reached skill level 2 in Invocations
   518 | D:4      | Noticed a sky beast
   525 | D:5      | HP: 4/50 [sky beast (4)]
   525 | D:5      | Slain by a sky beast

Skill      XL: |  1  2  3  4  5  6 |
---------------+-------------------+-----
Spellcasting   | 5 |  5.3
Short Blades   | 1 |  1.7
Long Blades    | 1 |  1.7
Maces & Flails | 1 |  1.7
Polearms       | 1 |  1.7
Staves         | 1 |  1.7
Slings         | 1 |  1.7
Bows           | 1 |  1.7
Crossbows      | 1 |  1.7
Throwing       | 1 |  1.7
Stealth        | 1 |  1.7
Shields        | 1 |  1.7
Unarmed Combat | 1 |  1.7
Invocations    | 1 2 |  2.0
Evocations     | 1 |  1.7
Conjurations   | 1 |  1.3
Hexes          | 1 |  1.3
Summonings     | 1 |  1.3
Necromancy     | 1 |  1.3
Translocations | 1 |  1.3
Transmutations | 1 |  1.3
Fire Magic     | 1 |  1.3
Ice Magic      | 1 |  1.3
Air Magic      | 1 |  1.3
Earth Magic    | 1 |  1.3
Poison Magic   | 1 |  1.3
Armour         | 3 |  3.1
Fighting       | |  4.9
Axes           | |  4.9
Dodging        | |  4.9
Charms         | |  5.6

Action                   |  1- 3 |  4- 6 || total
-------------------------+-------+-------++-------
Melee: Hand axe          |    39 |    36 ||    75
       Bite              |     6 |     6 ||    12
 Cast: Infusion          |     5 |       ||     5
       Song of Slaying   |     1 |     1 ||     2
       Spectral Weapon   |     1 |     4 ||     5
       Shroud of Golubri |       |     2 ||     2
       Regeneration      |       |     2 ||     2
  Use: Scroll            |     2 |       ||     2
 Stab: Distracted        |       |     1 ||     1
Armor: Leather armour    |     4 |    12 ||    16
Dodge: Dodged            |    23 |    18 ||    41

Table legend:
 A = Turns spent in this place as a percentage of turns spent in the entire game.
 B = Non-inter-level travel turns spent in this place as a percentage of non-inter-level travel turns spent in the entire game.
 C = Inter-level travel turns spent in this place as a percentage of turns spent in this place.
 D = Turns resting spent in this place as a percentage of non-inter-level travel turns spent in this place.
 E = Turns spent auto-exploring this place as a percentage of non-inter-level travel turns spent in this place.
 F = Non-inter-level travel turns spent in this place divided by the number of levels of this place that you've seen.
                   A       B       C       D       E      F
               +-------+-------+-------+-------+-------+----------------------
         Total | 100.0 | 100.0 |   0.0 |   0.0 |   0.0 | 105.0
       Dungeon | 100.0 | 100.0 |   0.0 |   0.0 |   0.0 | 105.0
               +-------+-------+-------+-------+-------+----------------------

Table legend:
 A = Kills in this place as a percentage of kills in entire the game.
 B = Kills by you in this place as a percentage of kills by you in the entire game.
 C = Kills by friends in this place as a percentage of kills by friends in the entire game.
 D = Other kills in this place as a percentage of other kills in the entire game.
 E = Experience gained in this place as a percentage of experience gained in the entire game.
 F = Experience gained in this place divided by the number of levels of this place that you have seen.
                   A       B       C       D       E      F
               +-------+-------+-------+-------+-------+----------------------
         Total | 100.0 | 100.0 |   N/A |   N/A | 100.0 |  68.4
       Dungeon | 100.0 | 100.0 |   N/A |   N/A | 100.0 |  68.4
               +-------+-------+-------+-------+-------+----------------------

Vault maps used:
D:1:      mushboom_english_gardens
D:2:      serial_forest, infiniplex_forest_lined_room_,
          infiniplex_forest_lined_3_way, infiniplex_forest_lined_room_,
          infiniplex_forest_lined_3, infiniplex_forest_lined_2,
          infiniplex_forest_lined_2, infiniplex_forest_lined_room_3,
          infiniplex_forest_end_2, infiniplex_forest_lined_corner,
          infiniplex_forest_end_2
D:3:      kennysheep_jessica_study
D:4:      first_ration
D:5:      nicolae_overflow_crystal_walls, basic_altar, uniq_sigmund
